 Dungeon Crawl Stone Soup version 0.23-a0-644-gb60d84b (webtiles) character file.

17 Borgoz the Sneak (level 2, -1/19 HPs)
             Began as a Halfling Assassin on Jan 2, 2019.
             Slain by a goblin
             ... wielding a +0 dagger
              (3 damage)
             ... on level 1 of the Dungeon.
             The game lasted 00:01:23 (305 turns).

Borgoz the Sneak (Halfling Assassin)                 Turns: 305, Time: 00:01:24

Health: -1/19      AC:  3    Str: 12    XL:     2   Next: 80%
Magic:  2/2        EV: 14    Int:  9    God:
Gold:   0          SH:  0    Dex: 15    Spells: 1/1 levels left

rFire    . . .     SeeInvis .   a - +2 dagger
rCold    . . .     Gourm    .   (shield restricted)
rNeg     . . .     Faith    .   c - +0 robe
rPois    .         Spirit   .   (no helmet)
rElec    .         Reflect  .   d - +0 cloak
rCorr    .         Harm     .   (no gloves)
MR       .....                  (no boots)
Stlth    +++.......             (no amulet)
HPRegen  0.06/turn              (no ring)
MPRegen  0.08/turn              (no ring)

@: no status effects
A: small, mutation resistance 1
a: no special abilities


You were on level 1 of the Dungeon.
You were not hungry.

You visited 1 branch of the dungeon, and saw 1 of its levels.

Inventory:

Hand Weapons
 a - a +2 dagger (weapon)
 b - a +0 blowgun
Missiles
 e - 8 poisoned needles
 f - 2 curare-tipped needles
Armour
 c - a +0 robe (worn)
 d - a +0 cloak (worn)
Scrolls
 h - 3 scrolls of identify {unknown}
 k - a scroll of amnesia {unknown}
 m - a scroll of fog {unknown}
Potions
 j - a potion of lignification {unknown}
 l - a potion of curing {unknown}
Comestibles
 g - 2 rations
 i - 3 chunks of flesh


   Skills:
 + Level 2.0 Fighting
 + Level 2.7 Short Blades
 + Level 2.3 Throwing
 + Level 1.5 Dodging
 + Level 4.5 Stealth


You had one spell level left.
You didn't know any spells.
Your spell library was empty.

Dungeon Overview and Level Annotations

Branches:
Dungeon (1/15)

Altars:


Innate Abilities, Weirdness & Mutations

You are small and have problems with some larger weapons.
You are somewhat resistant to further mutation.


Message History

You are too injured to fight recklessly!
You are too injured to fight recklessly!
You are too injured to fight recklessly!
You are too injured to fight recklessly!
You are too injured to fight recklessly!
You are too injured to fight recklessly!
You closely miss the kobold.
The kobold hits you with a +0 short sword.
* * * LOW HITPOINT WARNING * * *
You hit the kobold.
You kill the kobold!
You hit the rat.
The rat is severely wounded.
The rat bites you.
* * * LOW HITPOINT WARNING * * *
You hit the rat.
You kill the rat!
You barely miss the goblin. The goblin completely misses you.
You closely miss the goblin. The goblin hits you with a +0 dagger.
You die...

#.........#. ...
#.......... #.#
#.........# #.#
#....$....# #.#
#.......r.###. #.#
##..........$.. #.#
##.......†..# #.#
#..##..g######..
#(#
#.#...##@.......
##†# #.#.#
##.......# ##.#
###.#.###...######
##.####.....##..#.#
............#..#..#
.#[#.....##.>.##.##
.....##.###.......#
##.#.##.###..###..#
.............. ...#


You could see a goblin.

Vanquished Creatures
  A giant cockroach (D:1)
  3 goblins (D:1)
  2 hobgoblins (D:1)
  2 jackals (D:1)
  2 bats (D:1)
  A frilled lizard (D:1)
  3 kobolds (D:1)
  A rat (D:1)
15 creatures vanquished.

Notes
Turn   | Place    | Note
-------+----------+-------------------------------------------
     0 | D:1      | Borgoz the Halfling Assassin began the quest for the Orb.
     0 | D:1      | Reached XP level 1. HP: 14/14 MP: 1/1
    81 | D:1      | Reached XP level 2. HP: 11/19 MP: 2/2
   305 | D:1      | Slain by a goblin

Vault maps used:
D:1:      tarquinn_simple_flora_water_a

Skill      XL: |  1  2 |
---------------+-------+-----
Fighting       | 2 |  2.0
Short Blades   | |  2.7
Throwing       | |  2.3
Dodging        | |  1.5
Stealth        | |  4.5

Action                   || total
-------------------------++-------
Melee: Dagger            ||    46
Armor: Robe              ||     6
Dodge: Dodged            ||    32

Table legend:
 A = Non-vault XP
 B = Vault XP
 C = Vault XP percentage of total XP
 D = Non-vault monster count
 E = Vault monster count
 F = Vault count percentage of total count
                 A         B        C        D         E       F
            +---------+---------+-------+---------+---------+-------
      Total |      25 |       0 |   0.0 |      15 |       0 |   0.0
            +---------+---------+-------+---------+---------+-------
        D:1 |      25 |       0 |   0.0 |      15 |       0 |   0.0
            +---------+---------+-------+---------+---------+-------
